 Dungeon Crawl Stone Soup version 0.20-a0-2-g2b0e13a (webtiles) character file.

7021 elgenn the Cleaver (level 10, 0/93 HPs)
             Began as a Minotaur Berserker on Oct 29, 2016.
             Was a High Priest of Trog.
             Slain by a killer bee (3 damage)
             ... on level 2 of the Lair of Beasts.
             The game lasted 00:36:28 (8891 turns).

elgenn the Cleaver (Minotaur Berserker)             Turns: 8891, Time: 00:36:30

Health: 0/93       AC: 20    Str: 22    XL:     10   Next: 82%
Magic:  9/9        EV:  8    Int:  4    God:    Trog [*****.]
Gold:   455        SH:  0    Dex: 13    Spells: 0 memorised, 9 levels left

rFire  . . .     SeeInvis .     d - +1 battleaxe
rCold  . . .     Gourm    +     l - +0 plate armour
rNeg   . . .     Faith    .     (shield currently unavailable)
rPois  .         Spirit   .     (helmet restricted)
rElec  .         Reflect  .     A - +0 cloak
rCorr  .         Harm     .     G - +0 pair of gloves
MR     .....                    y - +0 pair of boots
Stlth  ..........               j - amulet of the gourmand
                                (no ring)
                                h - +1 ring of protection

@: lethally poisoned (0 -> -8), exhausted
A: retaliatory headbutt, horns 2
a: Berserk, Trog's Hand, Brothers in Arms, Burn Spellbooks, Renounce Religion


You were on level 2 of the Lair of Beasts.
You worshipped Trog.
Trog was extremely pleased with you.
You were full.

You visited 3 branches of the dungeon, and saw 11 of its levels.

You collected 663 gold pieces.
You spent 208 gold pieces at shops.

Inventory:

Hand Weapons
 d - a +1 battleaxe (weapon)
 k - a +0 battleaxe
Armour
 l - a +0 plate armour (worn)
 y - a +0 pair of boots (worn)
 A - a +0 cloak (worn)
 G - a +0 pair of gloves (worn)
Jewellery
 h - a +1 ring of protection (left hand)
 j - an amulet of the gourmand (around neck)
Wands
 H - a wand of lightning (10/15)
 J - a wand of flame (25/48)
Scrolls
 b - 4 scrolls of recharging
 e - a scroll of teleportation {unknown}
 g - a scroll of enchant weapon {unknown}
 m - 5 scrolls of remove curse
 n - a scroll of blinking {unknown}
 p - 5 scrolls of identify
 q - a scroll of noise {unknown}
 w - a scroll of immolation {unknown}
 z - 4 scrolls of magic mapping
Potions
 i - a potion of curing
 r - 2 potions of resistance
 s - 2 potions of might
 t - 2 potions of degeneration {unknown}
 u - 3 potions of cancellation
 v - a potion of mutation {unknown}
 x - a potion of haste {unknown}
 B - 2 potions of heal wounds {unknown}
 C - a potion of agility {unknown}
 D - 2 potions of brilliance {unknown}
Books
 F - a book of the Warp

   Spells                             Type                      Level
   a - Gell's Gravitas                Hexes/Translocation          3
   b - Portal Projectile              Translocation                3
   c - Force Lance                    Conjuration/Translocation    4
   d - Dispersal                      Translocation                6
   e - Controlled Blink               Translocation                8
   f - Disjunction                    Translocation                8
   Trog disapproves of the use of such an item.
Comestibles
 a - 2 beef jerkies
 c - 5 bread rations
 f - 3 meat rations
 o - 7 fruits
 I - 10 slices of pizza


   Skills:
 + Level 10.3 Fighting
 * Level 14.0 Axes
 + Level 10.3 Armour
 - Level 2.1 Dodging


You had 9 spell levels left.
You didn't know any spells.

Dungeon Overview and Level Annotations

Branches:
Dungeon (8/15)             Temple (1/1) D:5            Lair (2/6) D:8
  Swamp: Lair:2-4    Shoals: Lair:2-4     Snake: Lair:2-4    Spider: Lair:2-4

Altars:
Gozag

Shops:
D:5 (*?=[


Innate Abilities, Weirdness & Mutations

You reflexively headbutt those who attack you in melee.
You have a pair of horns on your head.


Message History

The blink frog hits you!
* * * LOW HITPOINT WARNING * * *
The water moccasin barely misses you. The killer bee stings you.
* * * LOW HITPOINT WARNING * * *
The killer bee stings you but does no damage. x2
The blink frog barely misses you.
The water moccasin bites you but does no damage.
It was a potion of cancellation.
Your magical effects are unravelling.
You feel magically purged.
You feel yourself speed up.
Your resistance to elements expires.
* * * LOW HITPOINT WARNING * * *
You feel sick. The killer bee stings you.
* * * LOW HITPOINT WARNING * * *
The killer bee stings you but does no damage.
The killer bee closely misses you. x3; The killer bee completely misses you.
The blink frog hits you but does no damage.
The water moccasin barely misses you. You furiously retaliate!
You headbutt the water moccasin! The killer bee stings you.
You die...

#####.#P########### ### ###
.#P#..#..#..P.#.#.###.#####PP###.
.................................
.................................
.................................
.................................
.######..........................
## #.#......F.................
#######.....ly@.#####..####...#
#.#.###......yyS## #### ...#
#.#.#........l..# ..# .##
#.#.#..........# ##
...###.#..........##
#...#.#.#.........#
#....#.#..........#
......#.#............
#....#†.............


You could see a blink frog, a water moccasin, 2 wyverns and 3 killer bees.

Vanquished Creatures
  2 spiny frogs (Lair:1)
  The ghost of feelmyfire the Cleaver, an amateur MiFi (D:5)
  Grinder (D:6)
  5 blink frogs (Lair:1)
  A wyvern (D:6)
  A basilisk (Lair:2)
  3 water moccasins
  2 porcupines (Lair:1)
  An orc warrior (D:8)
  2 ice beasts
  3 sky beasts
  2 black bears
  5 ogres
  3 phantoms
  A wolf (Lair:2)
  2 centaurs (D:6)
  A crocodile (D:8)
  6 bullfrogs
  16 killer bees
  7 wights (D:7)
  2 crimson imps
  A jelly (D:6)
  A quasit (D:6)
  7 hounds
  5 orc wizards
  4 orc priests
  A bullfrog skeleton (D:4)
  2 iguanas
  Terence (D:2)
  3 centaur skeletons
  2 hell rats (Lair:1)
  7 worker ants
  A hound skeleton (D:5)
  Robin (D:3)
  A howler monkey skeleton (D:8)
  11 adders
  7 river rats (Lair:1)
  An ooze (D:2)
  An adder zombie (D:7)
  2 adder skeletons
  2 worms
  2 dart slugs (D:2)
  4 leopard geckos
  28 orcs
  2 ball pythons
  8 giant cockroaches
  13 goblins
  8 hobgoblins
  11 kobolds
  4 quokkas
  6 bats
  7 frilled lizards
  A jackal zombie (D:8)
  A quokka skeleton (D:8)
  A quokka zombie (D:8)
  13 rats
  2 fungi (D:8)
239 creatures vanquished.

Notes
Turn   | Place    | Note
-------+----------+-------------------------------------------
     0 | D:1      | elgenn the Minotaur Berserker began the quest for the Orb.
     0 | D:1      | Reached XP level 1. HP: 19/19 MP: 0/0
   415 | D:1      | Reached XP level 2. HP: 27/27 MP: 1/1
   470 | D:1      | Reached skill level 4 in Axes
  1059 | D:2      | Noticed Terence
  1066 | D:2      | Killed Terence
  1066 | D:2      | Reached XP level 3. HP: 33/33 MP: 2/2
  1196 | D:2      | Reached skill level 5 in Axes
  1196 | D:2      | Reached XP level 4. HP: 39/41 MP: 3/3
  1270 | D:2      | Reached ** piety under Trog
  1886 | D:3      | Reached XP level 5. HP: 41/47 MP: 4/4
  1972 | D:3      | Noticed an ogre
  1978 | D:3      | Noticed Robin
  2146 | D:3      | Killed an ogre
  2146 | D:3      | Reached skill level 5 in Fighting
  2146 | D:3      | Reached skill level 6 in Axes
  2148 | D:3      | Killed Robin
  2148 | D:3      | Reached XP level 6. HP: 44/56 MP: 5/5
  2380 | D:3      | Reached *** piety under Trog
  2389 | D:3      | Found a faded altar of an unknown god.
  2573 | D:3      | Noticed a sky beast
  2590 | D:3      | Killed a sky beast
  2618 | D:3      | Reached skill level 7 in Axes
  2620 | D:3      | Found an opulent altar of Gozag.
  3194 | D:4      | Reached XP level 7. HP: 58/61 MP: 6/6
  3202 | D:4      | Reached skill level 5 in Armour
  3636 | D:4      | Reached skill level 8 in Axes
  4036 | D:5      | Entered Level 5 of the Dungeon
  4059 | D:5      | Reached **** piety under Trog
  4092 | D:5      | Found a staircase to the Ecumenical Temple.
  4101 | Temple   | Entered the Ecumenical Temple
  4153 | D:5      | Reached XP level 8. HP: 61/71 MP: 7/7
  4201 | D:5      | Found Meusuu Dufell's Magic Scroll Shop.
  4257 | D:5      | Found Sushrism's Jewellery Boutique.
  4259 | D:5      | Found Satoegg's Antique Armour Boutique.
  4275 | D:5      | Reached skill level 9 in Axes
  4308 | D:5      | Bought a +1 ring of protection for 39 gold pieces
  4390 | D:5      | Noticed feelmyfire's ghost (amateur MiFi)
  4400 | D:5      | Killed feelmyfire's ghost
  4446 | D:5      | Found Feycepoden's Assorted Antiques.
  4627 | D:5      | Found Gael's Antique Weapon Boutique.
  4632 | D:5      | Bought a battleaxe for 169 gold pieces
  4935 | D:6      | Noticed Grinder
  4942 | D:6      | Killed Grinder
  4942 | D:6      | Reached skill level 10 in Axes
  5080 | D:6      | Reached XP level 9. HP: 75/80 MP: 8/8
  5455 | D:6      | Reached skill level 11 in Axes
  6723 | D:7      | Reached skill level 12 in Axes
  7059 | D:8      | Found a staircase to the Lair.
  7094 | D:8      | Reached ***** piety under Trog
  7215 | D:8      | Reached XP level 10. HP: 91/91 MP: 9/9
  7800 | Lair:1   | Entered Level 1 of the Lair of Beasts
  7932 | Lair:1   | Noticed a spiny frog
  7942 | Lair:1   | Killed a spiny frog
  8029 | Lair:1   | Reached skill level 13 in Axes
  8180 | Lair:1   | Noticed a spiny frog
  8188 | Lair:1   | Killed a spiny frog
  8188 | Lair:1   | Reached skill level 10 in Fighting
  8549 | Lair:1   | Reached skill level 10 in Armour
  8875 | Lair:2   | Reached skill level 14 in Axes
  8890 | Lair:2   | HP: 5/93 [killer bee (5)]
  8891 | Lair:2   | Slain by a killer bee

Vault maps used:
D:1:      sevenhm_arrival_forest_fort_large_3
D:2:      first_bread, wad_floor_pattern_untrapped, uniq_terence
D:3:      ecumenical_altar_2, grunt_gozag_breadcrumbs, uniq_robin
D:4:      nrook_mini_backslash, hangedman_glass_teeth
D:5:      serial_shops, kennysheep_mini, shop, shop, nicolae_shop_stone, shop
D:6:      uniq_grinder
D:8:      dpeg_oklobed_lair, grunt_pizzeria
Temple:   roderic_octagonal_lattice_temple
Lair:1:   kennysheep_rathole
Lair:2:   hangedman_what_comes_after_a, minmay_snake_entry_guardpost_medium,
          portal_ice_cave_demonic_guard

Skill      XL: |  1  2  3  4  5  6  7  8  9 10 |
---------------+-------------------------------+-----
Axes           | 4 5 6 7 8 10 12 14 | 14.0
Fighting       | 4 5 6 7 9 10 | 10.3
Armour         | 3 4 6 7 9 10 | 10.3
Dodging        | |  2.1

Action                   |  1- 3 |  4- 6 |  7- 9 | 10-12 || total
-------------------------+-------+-------+-------+-------++-------
Melee: Hand axe          |    69 |   148 |    18 |       ||   235
       Headbutt          |     9 |    20 |    48 |    12 ||    89
       War axe           |       |       |    69 |       ||    69
       Battleaxe         |       |       |   173 |   106 ||   279
Invok: Berserk           |     1 |     4 |    11 |     3 ||    19
  Use: Scroll            |       |       |     9 |       ||     9
       Potion            |       |       |     4 |     3 ||     7
  Eat: Chunk             |     2 |    10 |    21 |     5 ||    38
       Royal jelly       |       |       |     1 |       ||     1
       Fruit             |       |       |     1 |       ||     1
       Meat ration       |       |       |     1 |       ||     1
       Beef jerky        |       |       |     1 |       ||     1
Armor: Animal skin       |     4 |       |       |       ||     4
       Chain mail        |     3 |       |       |       ||     3
       Ring mail         |     2 |       |       |       ||     2
       Plate armour      |     5 |    97 |   194 |   128 ||   424
Dodge: Dodged            |    36 |    57 |   115 |    97 ||   305
